 Dungeon Crawl Stone Soup version 0.28-a0-1518-gbe868bca14 (webtiles) character file.

Game seed: 13675431536745781733

163 hashsling the Magician (level 5, -8/28 HPs)
             Began as a Deep Elf Hedge Wizard on Jan 16, 2022.
             Shot with an arrow by a centaur (11 damage)
             ... on level 6 of the Dungeon.
             The game lasted 00:12:59 (4419 turns).

hashsling the Magician (Deep Elf Hedge Wizard)      Turns: 4419, Time: 00:13:00

Health: -8/28      AC:  3    Str:  7    XL:     5   Next: 20%
Magic:  15/15      EV: 12    Int: 21    God:
Gold:   96         SH:  0    Dex: 14    Spells: 10/16 levels left

rFire   . . .      SeeInvis .   g - staff of conjuration
rCold   . . .      Faith    .   (no shield)
rNeg    . . .      Spirit   .   b - +0 robe
rPois   +          Reflect  .   c - +0 hat
rElec   .          Harm     .   (no cloak)
rCorr   +          Rampage  .   (no gloves)
Will    .....                   e - +0 pair of boots
Stlth   ++........              (no amulet)
HPRegen 0.09/turn               o - ring of poison resistance
MPRegen 0.14/turn               y - ring of resist corrosion

@: no status effects
A: no striking features
a: no special abilities


You were on level 6 of the Dungeon.
You visited 1 branch of the dungeon, and saw 6 of its levels.

You collected 120 gold pieces.
You spent 24 gold pieces at shops.

Inventory:

Hand Weapons
 t - the +6 shillelagh "Devastator" {shatter}
   (You found it on level 3 of the Dungeon)

   It releases a powerful concussive burst when it strikes, dealing extra damage
   to the target and all other foes adjacent to them.
Armour
 b - a +0 robe (worn)
 c - a +0 hat (worn)
 e - a +0 pair of boots (worn)
Magical Staves
 g - a staff of conjuration (weapon)
Jewellery
 j - a ring of protection from cold
 o - a ring of poison resistance (left hand)
 y - a ring of resist corrosion (right hand)
Scrolls
 a - 5 scrolls of teleportation
 f - a scroll of vulnerability {unknown}
 i - a scroll of holy word {unknown}
 k - 2 scrolls of immolation {unknown}
 m - a scroll of enchant armour {unknown}
 n - a scroll of summoning {unknown}
 s - a scroll of magic mapping {unknown}
 u - 4 scrolls of noise {unknown}
 w - a scroll of fear {unknown}
 x - a scroll of silence {unknown}
Potions
 d - 2 potions of lignification
 h - a potion of degeneration {unknown}
 l - 2 potions of curing
 p - a potion of resistance {unknown}
 q - 2 potions of ambrosia {unknown}
 v - a potion of mutation {unknown}
 z - 2 potions of heal wounds
 A - a potion of flight {unknown}


   Skills:
 - Level 2.4 Dodging
 - Level 2.4 Stealth
 + Level 6.4 Spellcasting
 + Level 4.1 Conjurations
 + Level 1.1 Summonings
 - Level 1.1 Translocations


You had 10 spell levels left.
You knew the following spells:

 Your Spells              Type           Power      Damage    Failure   Level
a - Magic Dart            Conj           100%       1d8       1%          1
b - Slow                  Hex            24%        N/A       10%         1
c - Blink                 Tloc           22%        N/A       9%          2
d - Call Imp              Summ           11%        N/A       9%          2

Your spell library contained the following spells:

 Spells                   Type           Power      Damage    Failure   Level
 Sting                    Tmut/Pois      24%        1d4       10%         1
 Conjure Flame            Conj/Fire      23%        6-21      12%         3
 Corpse Rot               Necr/Air       12%        N/A       14%         2
 Poisonous Vapours        Pois/Air       12%        N/A       14%         2
 Mephitic Cloud           Conj/Pois/Air  18%        N/A       16%         3
 Olgreb's Toxic Radiance  Pois           6%         N/A       67%         4


Dungeon Overview and Level Annotations

Branches:
Dungeon (6/15)
 Temple: D:4-7

Altars:
Ashenzari

Shops:
D:2 ?

Annotations:
D:4 Edmund


Message History

There is an open door here.
There is an open door here.
Found a stone staircase leading down.
Found a whip.
There is a stone staircase leading down here.
You see here a +0 whip.
There is a stone staircase leading down here.
There is an open door here.
A jackal comes into view.
You feel a surge of power!
The magic dart hits the jackal.
The jackal is moderately wounded.
The jackal barks!
You hear a bark!
You hear a shout!
You feel a surge of power!
The magic dart hits the jackal!
You kill the jackal!
A jackal comes into view.
You feel a surge of power!
The magic dart hits the jackal.
You kill the jackal!
Magic restored.
You see here a jackal corpse.
An ogre comes into view. It is wielding a +0 giant club.
You see here a jackal corpse.
There is an open door here.
Found a rapier.
You see here a +0 rapier.
There is a stone staircase leading down here.
You climb downwards.
You hear the sound of rushing water.
There is an entrance to a sewer on this level.
Hurry and find it before the portal rusts away!
Found a trident.
There is a stone staircase leading up here.
Found a stone staircase leading down.
The centaur shouts!
The centaur wields a +0 shortbow.
The centaur shoots an arrow.
The arrow hits you!
The centaur shoots an arrow.
The arrow hits you!
* * * LOW HITPOINT WARNING * * *
The iguana hisses angrily.
There is a stone staircase leading up, spattered with blood here.
The centaur shoots an arrow.
The arrow hits you!
You die...

#... #. ...
. . #.c .#.#
#.. ....#
..###...
######..#..#
).......l.#
#@# #.# #.#
..# ##.. #..
#.## #.# .>#


You could see a centaur and an iguana.

Vanquished Creatures
  A centaur skeleton (D:3)
  An iguana (D:4)
  A hound skeleton (D:4)
  An adder (D:3)
  2 worms
  A dart slug (D:4)
  An orc (D:3)
  10 endoplasms
  6 giant cockroaches
  7 goblins
  7 hobgoblins
  2 jackals (D:5)
  3 quokkas
  6 ball pythons
  5 bats
  8 kobolds
  8 rats
70 creatures vanquished.

Vanquished Creatures (collateral kills)
  A hobgoblin (D:4)
1 creature vanquished.

Grand Total: 71 creatures vanquished

Notes
Turn   | Place    | Note
-------+----------+-------------------------------------------
     0 | D:1      | hashsling the Deep Elf Hedge Wizard began the quest for the
                  | Orb.
     0 | D:1      | Reached XP level 1. HP: 10/10 MP: 7/7
   130 | D:1      | Learned a level 1 spell: Slow
   373 | D:1      | Reached skill level 5 in Spellcasting
   430 | D:1      | Reached XP level 2. HP: 14/15 MP: 1/10
  1365 | D:1      | Learned a level 2 spell: Blink
  1513 | D:2      | Found a faded altar of an unknown god.
  1531 | D:2      | Reached XP level 3. HP: 19/19 MP: 9/12
  1626 | D:2      | Found Ybak's Magic Scroll Shop.
  1803 | D:2      | Reached skill level 6 in Spellcasting
  1806 | D:2      | Bought a scroll of identify for 24 gold pieces
  2561 | D:3      | Found the +6 shillelagh "Devastator" {shatter}
  2578 | D:3      | Reached XP level 4. HP: 12/24 MP: 1/14
  3093 | D:3      | Found a broken altar of Ashenzari.
  3429 | D:4      | Noticed Edmund
  3471 | D:3      | Learned a level 2 spell: Call Imp
  3735 | D:4      | Reached XP level 5. HP: 23/28 MP: 1/15
  4087 | D:5      | Entered Level 5 of the Dungeon
  4170 | D:5      | Noticed a necrophage
  4327 | D:5      | Noticed an ogre
  4416 | D:6      | Noticed a centaur
  4419 | D:6      | Shot with an arrow by a centaur

Illustrated notes

Levels and vault maps discovered:
D:1:      dpeg_arrival_rhombi, layout_basic, hangedman_decor_diamond_cutter
D:2:      layout_basic, serial_shops, nicolae_shop_waterfront,
          hellmonk_ecumenical_altar_heavens_door, grunt_decor_mini_mirrors
D:3:      minmay_general_purpose_star, layout_rooms,
          mainiacjoe_overflow_concentric_impassable
D:4:      layout_basic, uniq_edmund
D:5:      layout_basic, serial_glass, glass_columns_a, glass_columns_b,
          item_on_display_a, due_unseen_surprise, item_on_display_a
D:6:      layout_rooms, cheibriados_altar_1, minmay_temple_entry_slanted,
          gup_sewer_entry_glass, serial_curves, eino_curves_02, eino_curves_01,
          eino_curves_02, eino_curves_03

Skill      XL: |  1  2  3  4 |
---------------+-------------+-----
Spellcasting   | 5 6 |  6.4
Conjurations   | 2 4 |  4.1
Dodging        | |  2.4
Stealth        | |  2.4
Summonings     | |  1.1
Translocations | |  1.1

Action                   |  1- 3 |  4- 6 || total
-------------------------+-------+-------++-------
Melee: Dagger            |     7 |       ||     7
 Cast: Magic Dart        |   123 |    52 ||   175
       Call Imp          |       |     3 ||     3
       Blink             |       |     2 ||     2
  Use: Scroll            |     2 |     3 ||     5
Armor: Robe              |    10 |     4 ||    14
Dodge: Dodged            |    22 |     5 ||    27

Table legend: (Time is in decaauts)
 A = Elapsed time spent in this place.
 B = Non-inter-level travel time spent in this place.
 C = Inter-level travel time spent in this place.
 D = Time resting spent in this place.
 E = Time spent auto-exploring this place.
 F = Levels seen in this place.
 G = Mean time per level.
                   A        B        C        D        E       F      G
               +--------+--------+--------+--------+--------+-----+--------+
         Total |   4416 |   4306 |    110 |     89 |   3502 |   6 |  736.0 |
       Dungeon |   4416 |   4306 |    110 |     89 |   3502 |   6 |  736.0 |
               +--------+--------+--------+--------+--------+-----+--------+

Top non-repeatable levels by time:
     D:1: 1498 daAuts
     D:3: 1123 daAuts
     D:2: 828 daAuts
     D:4: 634 daAuts
     D:5: 328 daAuts
     D:6: 2 daAuts
